 Dungeon Crawl Stone Soup version 0.29-a0-369-gd956c00756 (webtiles) character file.

Game seed: 2990600329705694817

123 Antichthon the Covered (level 5, 0/33 HPs)
             Began as a Gargoyle Fighter on May 2, 2022.
             Slain by Pargi (1 damage)
             ... in a sewer.
             The game lasted 00:04:33 (3037 turns).

Antichthon the Covered (Gargoyle Fighter)           Turns: 3037, Time: 00:04:34

Health: 0/33       AC: 11    Str: 21    XL:     5   Next: 7%
Magic:  5/5        EV:  8    Int:  9    God:
Gold:   1038       SH:  8    Dex:  9    Spells: 4/4 levels left

rFire   . . .      SeeInvis .   a - +0 flail
rCold   . . .      Faith    .   j - +0 kite shield
rNeg    + . .      Spirit   .   b - +0 scale mail
rPois   ∞          Reflect  .   (no helmet)
rElec   +          Harm     .   (no cloak)
rCorr   .          Rampage  .   (no gloves)
Will    .....                   (no boots)
Stlth   ..........              (no amulet)
HPRegen 0.11/turn               (no ring)
MPRegen 0.09/turn               (no ring)

@: mighty
A: sickness immunity, AC +4, negative energy resistance 1, electricity
resistance, torment resistance 1, petrification resistance
a: no special abilities


You were in a sewer.
You visited 1 branch of the dungeon, and saw 4 of its levels.
You also visited: Sewer.

You collected 1038 gold pieces.

Inventory:

Hand Weapons
 a - a +0 flail (weapon)
Armour
 b - a +0 scale mail (worn)
 j - a +0 kite shield (worn)
Scrolls
 c - 2 scrolls of immolation
 f - 2 scrolls of amnesia
 g - 2 scrolls of teleportation
 h - a scroll of holy word
 i - a scroll of magic mapping
Potions
 e - a potion of lignification {unknown}
 k - a potion of heal wounds {unknown}
 l - 3 potions of curing {unknown}


   Skills:
 * Level 3.7 Fighting
 * Level 3.4 Maces & Flails
 * Level 4.0 Armour
 * Level 0.8 Dodging
 * Level 3.8 Shields
 * Level 1.0 Invocations


You had 4 spell levels left.
You didn't know any spells.
Your spell library contained the following spells:

 Spells                   Type           Power      Damage    Failure   Level
 Magic Dart               Conj           0%         1d3       97%         1
 Searing Ray              Conj           0%         2d4       99%         2
 Fulminant Prism          Conj/Hex       0%         3d6       100%        4
 Summon Forest            Summ/Tloc      0%         N/A       100%        5
 Summon Mana Viper        Hex/Summ       0%         N/A       100%        5
 Summon Cactus Giant      Summ           0%         N/A       100%        6


Dungeon Overview and Level Annotations

Branches:
Dungeon (4/15)              Sewer (1/1)
 Temple: D:4-7

Altars:
Ashenzari
Gozag
Yredelemnul

Shops:
D:2 [

Annotations:
Sewer Pargi


Innate Abilities, Weirdness & Mutations

You are immune to sickness and miasma.
Your stone body is resilient. (AC +4)
You are immune to poison.
You resist negative energy. (rN+)
You are resistant to electric shocks. (rElec)
You are resistant to unholy torment.
You are immune to petrification.


Message History

Unknown command.
You closely miss Pargi.
Pargi is severely wounded.
Pargi bites you but does no damage. Pargi claws you but does no damage. x2
Unknown command.
You closely miss Pargi.
Pargi is severely wounded.
Pargi barely misses you. You block Pargi's attack. x2
Unknown command.
You barely miss Pargi.
Pargi is severely wounded.
You block Pargi's attack. x4; Pargi claws you but does no damage. x2
Unknown command.
You completely miss Pargi.
Pargi is severely wounded.
Pargi bites you.
* * * LOW HITPOINT WARNING * * *
You block Pargi's attack. x2
Unknown command.
You closely miss Pargi.
Pargi is severely wounded.
Pargi bites you but does no damage. Pargi claws you but does no damage.
You block Pargi's attack. Pargi bites you but does no damage.
Pargi barely misses you. Pargi claws you.
* * * LOW HITPOINT WARNING * * *
Unknown command.
Okay, then.
You miss Pargi.
Pargi is heavily wounded.
Pargi bites you but does no damage. Pargi claws you but does no damage. x2
You sock Pargi!
Pargi is almost dead.
Pargi barely misses you. x2; You block Pargi's attack. x2
Pargi barely misses you. Pargi claws you.
* * * LOW HITPOINT WARNING * * *
Unknown command.
You hit Pargi.
Pargi is almost dead.
Pargi barely misses you. Pargi claws you.
You die...

#.≈≈≈≈≈≈≈≈≈#
≈≈≈≈≈≈≈≈≈≈# ..≈≈≈≈≈≈≈≈#
.≈≈≈≈≈≈≈## #≈≈≈≈≈≈≈≈#
.≈≈≈≈≈≈≈# ##T≈≈≈≈≈≈≈
#.@≈≈≈≈≈≈# #..≈≈≈≈≈≈#
###.≈≈≈≈≈≈# #..≈≈≈≈≈≈##
###≈≈≈≈≈≈≈≈≈ ####
#≈≈≈≈≈≈≈≈≈≈# #..#
#≈≈≈≈≈≈≈≈≈## ##∩∩##
##≈≈≈≈≈≈≈≈≈#
≈.#≈≈≈≈#####≈≈≈≈≈≈≈≈≈≈#


You could see Pargi.

Vanquished Creatures
  An iguana (D:2)
  5 adders
  A dart slug (D:1)
  An orc (D:3)
  4 ball pythons
  6 endoplasms
  4 giant cockroaches
  3 goblins
  4 hobgoblins
  4 kobolds
  3 quokkas
  5 bats
  3 frilled lizards
  7 rats
51 creatures vanquished.

Notes
Turn   | Place    | Note
-------+----------+-------------------------------------------
     0 | D:1      | Antichthon the Gargoyle Fighter began the quest for the
                  | Orb.
     0 | D:1      | Reached XP level 1. HP: 14/14 MP: 1/1
   101 | D:1      | Reached XP level 2. HP: 11/19 MP: 2/2
  1025 | D:1      | Reached XP level 3. HP: 23/23 MP: 3/3
  1026 | D:1      | Identified a scroll of acquirement
  1026 | D:1      | Acquired 941 gold pieces
  1263 | D:2      | Reached XP level 4. HP: 20/28 MP: 4/4
  1586 | D:2      | Found a faded altar of an unknown god.
  1737 | D:2      | Identified the +1 ring mail of the Lobster {Fly rF- Regen+}
  2064 | D:2      | Found Ledyecw's Antique Armour Boutique.
  2353 | D:3      | Found an opulent altar of Gozag.
  2635 | D:3      | Found a faded altar of an unknown god.
  2641 | D:3      | Found a basalt altar of Yredelemnul.
  2696 | D:3      | Found a broken altar of Ashenzari.
  2945 | D:4      | Found a glowing drain.
  2962 | D:4      | Reached skill level 1 in Invocations
  2965 | D:4      | Reached skill level 4 in Armour
  2965 | D:4      | Reached XP level 5. HP: 32/33 MP: 5/5
  2970 | Sewer    | Entered a sewer
  3008 | Sewer    | Noticed Pargi
  3036 | Sewer    | HP: 1/33 [Pargi (1)]
  3037 | Sewer    | Slain by Pargi

Illustrated notes

Levels and vault maps discovered:
D:1:      ncdulo_smallfort, layout_rooms, serial_bayou_ford_a,
          minmay_pentomino_p2
D:2:      layout_loops_ring, serial_shops, shop,
          dreamdust_ecumenical_altar_angels_and_demons
D:3:      layout_loops_cross, mainiacjoe_overflow_concentric_impassable,
          nicolae_overflow_ecumenical_swirl, mainiacjoe_overflow_boulevard
D:4:      layout_basic, gup_sewer_entry_glass
Sewer:    sewer_co_pargi_island

Skill      XL: |  1  2  3  4 |
---------------+-------------+-----
Maces & Flails | 3 |  3.4
Invocations    | 1 |  1.0
Armour         | 4 |  4.0
Fighting       | |  3.7
Dodging        | |  0.8
Shields        | |  3.8

Action                   |  1- 3 |  4- 6 || total
-------------------------+-------+-------++-------
Melee: Flail             |    73 |   126 ||   199
  Use: Scroll            |     5 |     2 ||     7
       Potion            |       |     1 ||     1
Armor: Scale mail        |    45 |   123 ||   168
Dodge: Dodged            |    50 |    74 ||   124
Block: Buckler           |    21 |     4 ||    25
       Kite shield       |       |    67 ||    67

Table legend: (Time is in decaauts)
 A = Elapsed time spent in this place.
 B = Non-inter-level travel time spent in this place.
 C = Inter-level travel time spent in this place.
 D = Time resting spent in this place.
 E = Time spent auto-exploring this place.
 F = Levels seen in this place.
 G = Mean time per level.
                   A        B        C        D        E       F      G
               +--------+--------+--------+--------+--------+-----+--------+
         Total |   3134 |   3077 |     57 |      0 |   2468 |   5 |  626.8 |
       Dungeon |   3050 |   2993 |     57 |      0 |   2435 |   4 |  762.5 |
         Sewer |     84 |     84 |      0 |      0 |     33 |   1 |   84.0 |
               +--------+--------+--------+--------+--------+-----+--------+

Top non-repeatable levels by time:
     D:1: 1221 daAuts
     D:2: 1005 daAuts
     D:3: 780 daAuts
   Sewer: 84 daAuts
     D:4: 41 daAuts
